 Dungeon Crawl Stone Soup version 0.17.0-27-g4a3f43e (webtiles) character file.

4319 dvd the Covert (level 10, -5/45 HPs)
             Began as a Spriggan Enchanter on Nov 20, 2015.
             Was a Believer of Fedhas.
             Killed by divine providence
             ... invoked by an orc priest
              (15 damage)
             ... on level 9 of the Dungeon on Nov 21, 2015.
             The game lasted 00:38:43 (7387 turns).

dvd the Covert (Spriggan Enchanter)                 Turns: 7387, Time: 00:38:43

Health: -5/45      AC:  7    Str:  4    XL:     10   Next: 11%
Magic:  19/23      EV: 15    Int: 21    God:    Fedhas [**....]
Gold:   226        SH:  0    Dex: 16    Spells: 3 memorised, 18 levels left

rFire  . . .     SeeInvis +     a - +2 rapier (speed)
rCold  . . .     Clarity  .     k - +1 robe
rNeg   . . .     SustAt   .     (shield restricted)
rPois  .         Gourm    .     (helmet restricted)
rElec  .         Spirit   .     K - +2 cloak
rCorr  .         Warding  .     (gloves unavailable)
rMut   .         Stasis   .     (boots unavailable)
MR     +....                    (no amulet)
Stlth  ++++++....               v - +1 ring of protection
                                i - ring of wizardry

@: very quick, somewhat resistant to hostile enchantments, very stealthy
A: unfitting armour, see invisible, herbivore 3, speed 3, slow metabolism 2
a: Evolution, Sunlight, Renounce Religion


You were on level 9 of the Dungeon.
You worshipped Fedhas.
Fedhas was pleased with you.
You were not hungry.

You visited 2 branches of the dungeon, and saw 10 of its levels.

You collected 407 gold pieces.
You spent 181 gold pieces at shops.

Inventory:

Hand Weapons
 a - a +2 rapier of speed (weapon)
 b - a +1 dagger of protection
 c - a +1 hunting sling of flaming
 t - the +7 Singing Sword
   (You found it on level 8 of the Dungeon)
 D - a +2 dagger of freezing
Missiles
 h - 102 arrows
 n - 17 sling bullets of frost
 s - 17 arrows of frost
 y - 4 tomahawks (quivered)
 H - 16 arrows of dispersal
Armour
 j - the +1 robe of the Manifold Curses {-Tele Regen+ Dex+2 Stlth-}
   (You bought it in a shop on level 4 of the Dungeon)

   It affects your dexterity (+2).
   It prevents most forms of teleportation.
   It increases your rate of regeneration.
   It makes you less stealthy.
 k - a +1 robe (worn)
 K - a +2 cloak (worn)
Jewellery
 i - a ring of wizardry (left hand)
 v - a +1 ring of protection (right hand)
 J - an uncursed ring of flight
Wands
 f - a wand of digging (8)
 l - a wand of teleportation (8)
 o - a wand of slowing (26)
 q - a wand of enslavement (10)
 r - a wand of polymorph (8)
 B - a wand of random effects (28)
Scrolls
 g - 9 scrolls of identify
 p - 4 scrolls of remove curse
 u - a scroll of amnesia
 E - a scroll of recharging
 F - a scroll of teleportation
 G - a scroll of blinking
 I - a scroll of enchant armour
 N - a scroll of enchant weapon
Potions
 e - 3 potions of curing
 w - a potion of heal wounds
 A - a potion of ambrosia {unknown}
 C - a potion of cancellation {unknown}
 O - a potion of flight {unknown}
Books
 m - a book of Power

   Spells                             Type                      Level
   a - Fulminant Prism                Conjuration/Hexes            4
   b - Iskenderun's Mystic Blast      Conjuration                  4
   c - Venom Bolt                     Conjuration/Poison           5
   d - Bolt of Magma                  Conjuration/Fire/Earth       5
   e - Iron Shot                      Conjuration/Earth            6
   f - Orb of Destruction             Conjuration                  7
   g - Spellforged Servitor           Conjuration/Summoning        7
 x - a book of Maledictions

   Spells                             Type                      Level
   a - Corona                         Hexes                        1
   b - Ensorcelled Hibernation        Hexes/Ice                    2
   c - Confuse                        Hexes                        3
   d - Tukima's Dance                 Hexes                        3
   e - Dazzling Spray                 Conjuration/Hexes            3
Comestibles
 d - 4 bread rations
 z - a fruit
 L - a royal jelly
 M - a slice of pizza


   Skills:
 + Level 1.1 Fighting
 + Level 3.2 Short Blades
 + Level 0.2(0.4) Slings
 + Level 0.2 Throwing
 + Level 5.5 Dodging
 + Level 12.8 Stealth
 + Level 8.6 Spellcasting
 + Level 9.5 Hexes
 + Level 4.2 Ice Magic


You had 18 spell levels left.
You knew the following spells:

 Your Spells              Type           Power        Failure   Level  Hunger
b - Ensorcelled Hibernat  Hex/Ice        #####.       1%          2    None
c - Confuse               Hex            #####...     1%          3    None
d - Tukima's Dance        Hex            #####...     1%          3    None


Dungeon Overview and Level Annotations

Branches:
Dungeon (9/15)             Temple (1/1) D:4
   Lair: D:8-11         Orc: D:9-12

Altars:
Ashenzari
Cheibriados
Dithmenos
Elyvilon
Fedhas
Gozag
Kikubaaqudgha
Makhleb
Nemelex Xobeh
Okawaru
Qazlal
Ru
Sif Muna
Trog
Vehumet
Xom
Yredelemnul
Zin
The Shining One

Shops:
D:4 [*:


Innate Abilities, Weirdness & Mutations

You are tiny and cannot use many weapons and most armour.
You have supernaturally acute eyesight.
You are a herbivore.
You cover ground extremely quickly.
You need consume almost no food.


Message History

Press: ? - help, Shift-Dir - straight line, f/p - orc priest
Aim: an orc priest, wielding a trident and wearing a leather armour (chance to defeat MR: 72%)
The orc priest struggles to resist.
The orc shouts!
The orc wizard casts a spell at you. The puff of flame hits you!
The orc priest mumbles some strange prayers to Beogh against you.
Something smites you! The orc completely misses you.
The orc wizard gestures at you while chanting.
The puff of frost misses you.
The orc priest calls down the wrath of Beogh upon you.
You easily resist.
The orc priest invokes the aid of Beogh against you.
Something smites you!
* * * LOW HITPOINT WARNING * * *
There is a stone staircase leading up here.
The orc priest invokes the aid of Beogh against you.
Something smites you!
You die...
Fedhas appreciates your contribution to the ecosystem.

... #...............#
...###...............##
......................
......................
###..................
#..................
#......<...........
#....######........
#####..@.# #........
.........# #.....###
.........# #.....#
.........+ #.....#
.......o.######.....#
....................#
###.....o..............
#....o.o.............
#....................


You could see an orc priest, an orc wizard and 2 orcs.

Vanquished Creatures
  Pikel (D:4)
  Maurice (D:8)
  Grinder (D:5)
  Prince Ribbit (D:8)
  The ghost of kosy22 the Ducker, an amateur TrFi (D:3)
  2 hippogriffs (D:8)
  Eustachio (D:5)
  2 ice beasts (D:5)
  2 sky beasts (D:8)
  2 orc warriors
  A necrophage (D:8)
  2 ogres (D:4)
  A giant frog (D:8)
  A big kobold (D:8)
  Blork the orc (D:4)
  6 scorpions
  A gnoll sergeant (D:5)
  2 water moccasin skeletons
  4 crimson imps
  4 wights (D:7)
  3 jellies
  Crazy Yiuf (D:3)
  2 giant frog skeletons
  3 orc wizards
  A hound (D:6)
  Terence (D:2)
  7 worker ants
  2 iguanas (D:4)
  The ghost of asdu the Slasher, a weakling HEBe of Trog (D:4)
  A hound skeleton (D:5)
  3 gnolls (D:5)
  13 adders
  2 shadow imps
  An ooze (D:7)
  A worm (D:3)
  14 orcs
  11 bats
  6 giant cockroaches
  8 goblins
  A hobgoblin (D:2)
  2 jackals (D:1)
  7 quokkas
  2 ball pythons
  A giant gecko (D:3)
  A giant gecko zombie (D:7)
  A giant newt (D:1)
  4 jackal skeletons
  7 kobolds
  A quokka skeleton (D:6)
  4 rats
  A butterfly (D:5)
150 creatures vanquished.

Vanquished Creatures (collateral kills)
  3 kobolds (D:8)
3 creatures vanquished.

Vanquished Creatures (others)
  A hound skeleton (D:4)
  A butterfly (D:4)
  62 toadstools
64 creatures vanquished.

Grand Total: 217 creatures vanquished

Notes
Turn   | Place    | Note
--------------------------------------------------------------
     0 | D:1      | dvd the Spriggan Enchanter began the quest for the Orb.
     0 | D:1      | Reached XP level 1. HP: 9/9 MP: 5/5
   243 | D:1      | Reached XP level 2. HP: 13/13 MP: 4/6
   307 | D:1      | Learned a level 2 spell: Ensorcelled Hibernation
   846 | D:2      | Found a faded altar to an unknown god.
   853 | D:2      | Reached XP level 3. HP: 16/16 MP: 5/8
   932 | D:2      | Noticed Terence
   941 | D:2      | Killed Terence
   941 | D:2      | Reached skill level 5 in Stealth
   953 | D:2      | Reached XP level 4. HP: 21/21 MP: 1/9
  1026 | D:2      | Learned a level 3 spell: Confuse
  1030 | D:2      | Learned a level 3 spell: Tukima's Dance
  1301 | D:3      | Noticed kosy22's ghost (amateur TrFi)
  1310 | D:3      | Reached skill level 1 in Ice Magic
  1556 | D:3      | Killed kosy22's ghost
  1556 | D:3      | Reached skill level 6 in Stealth
  1556 | D:3      | Reached skill level 5 in Hexes
  1556 | D:3      | Reached XP level 5. HP: 16/24 MP: 6/12
  1704 | D:3      | Noticed Crazy Yiuf
  1710 | D:3      | Killed Crazy Yiuf
  1869 | D:3      | Reached XP level 6. HP: 23/28 MP: 2/13
  2254 | D:4      | Noticed Blork the orc
  2267 | D:4      | Killed Blork the orc
  2331 | D:4      | Found Veun's Antique Armour Shop.
  2384 | D:4      | Found a staircase to the Ecumenical Temple.
  2385 | D:4      | Bought a dull robe for 131 gold pieces
  2395 | D:4      | Identified the cursed +1 robe of the Manifold Curses {-Tele Regen+ Dex+2 Stlth-} (You bought it in a shop on level 4 of the Dungeon)
  2415 | Temple   | Entered the Ecumenical Temple
  2469 | Temple   | Became a worshipper of Fedhas Madash
  2589 | D:4      | Found Xefiv's Assorted Antiques.
  2596 | D:4      | Noticed Pikel
  2597 | D:4      | Bought a runed dagger for 50 gold pieces
  2690 | D:4      | Killed Pikel
  2690 | D:4      | Reached skill level 7 in Stealth
  2690 | D:4      | Reached XP level 7. HP: 20/32 MP: 3/17
  2854 | D:4      | Noticed asdu's ghost (weakling HEBe)
  2884 | D:4      | Killed asdu's ghost
  2891 | D:4      | Reached XP level 8. HP: 36/36 MP: 10/18
  2905 | D:4      | Reached skill level 8 in Stealth
  3056 | D:4      | Found Inaano Iliaps's Book Shop.
  3174 | D:4      | Found a glowing silver altar of Zin.
  3466 | D:5      | Entered Level 5 of the Dungeon
  3545 | D:5      | Noticed Grinder
  3555 | D:5      | Killed Grinder
  3555 | D:5      | Reached skill level 9 in Stealth
  3835 | D:5      | Found a stormy altar of Qazlal.
  3836 | D:5      | Found a snail-covered altar of Cheibriados.
  3919 | D:5      | Reached skill level 10 in Stealth
  3953 | D:5      | Noticed Eustachio
  3960 | D:5      | Killed Eustachio
  4040 | D:5      | Found a radiant altar of Vehumet.
  4583 | D:6      | Upgraded the game from 0.17.0-26-gececa24 to 0.17.0-27-g4a3f43e
  4616 | D:7      | Reached XP level 9. HP: 39/39 MP: 18/21
  4623 | D:7      | Found a shattered altar of Ashenzari.
  5023 | D:7      | Reached * piety under Fedhas
  5365 | D:7      | Reached skill level 11 in Stealth
  6151 | D:8      | Reached skill level 5 in Dodging
  6173 | D:8      | Noticed Prince Ribbit
  6179 | D:8      | Killed Prince Ribbit
  6542 | D:8      | Noticed Maurice
  6565 | D:8      | Killed Maurice
  6565 | D:8      | Reached skill level 12 in Stealth
  6746 | D:8      | Reached skill level 1 in Fighting
  6962 | D:8      | Reached XP level 10. HP: 45/45 MP: 23/23
  7008 | D:8      | Found a glowing golden altar of the Shining One.
  7008 | D:8      | Found a deep blue altar of Sif Muna.
  7008 | D:8      | Found a basalt altar of Yredelemnul.
  7008 | D:8      | Found a white marble altar of Elyvilon.
  7028 | D:8      | Reached ** piety under Fedhas
  7043 | D:8      | Found a sacrificial altar of Ru.
  7047 | D:8      | Found a shadowy altar of Dithmenos.
  7387 | D:9      | Killed from afar by an orc priest

Action                   |  1- 3 |  4- 6 |  7- 9 | 10-12 || total
-------------------------+-------+-------+-------+-------++-------
Melee: Short sword       |    23 |       |       |       ||    23
       Dagger            |    26 |    72 |    94 |       ||   192
       Quarterstaff      |       |     3 |       |       ||     3
       Rapier            |       |       |   134 |    33 ||   167
 Fire: Hunting sling     |       |       |     3 |       ||     3
Throw: Tomahawk          |       |       |     2 |       ||     2
 Cast: Corona            |    12 |     1 |       |       ||    13
       Ensorcelled Hiber |     9 |    29 |    62 |    11 ||   111
       Confuse           |       |     8 |    35 |     6 ||    49
       Tukima's Dance    |       |       |       |     1 ||     1
  Use: Potion            |       |     5 |       |       ||     5
       Scroll            |       |     3 |     8 |       ||    11
 Stab: Sleeping          |    15 |    23 |    62 |     7 ||   107
       Confused          |       |     6 |    26 |     2 ||    34
  Eat: Fruit             |       |     1 |       |       ||     1
       Bread ration      |       |       |     1 |       ||     1
